 Dungeon Crawl Stone Soup version 0.29-a0-82-g837932c90e (webtiles) character file.

Game seed: 4111473334709369519

189 Armakuni the Skirmisher (level 6, -2/51 HPs)
             Began as a Human Brigand on Feb 4, 2022.
             Was an Initiate of the Shining One.
             Slain by Edmund (8 damage)
             ... on level 3 of the Dungeon.
             The game lasted 00:06:26 (3564 turns).

Armakuni the Skirmisher (Human Brigand)             Turns: 3564, Time: 00:06:27

Health: -2/51      AC:  8    Str: 13    XL:     6   Next: 0%
Magic:  6/6        EV: 10    Int: 12    God:    the Shining One [......]
Gold:   124        SH:  0    Dex: 14    Spells: 4/5 levels left

rFire   . . .      SeeInvis .   a - +3 dagger
rCold   . . .      Faith    .   (no shield)
rNeg    . . .      Spirit   .   g - +0 ring mail
rPois   .          Reflect  .   n - +0 helmet
rElec   .          Harm     .   c - +0 cloak
rCorr   .          Rampage  .   l - +0 pair of gloves
Will    .....                   (no boots)
Stlth   +.........              (no amulet)
HPRegen 0.17/turn               (no ring)
MPRegen 0.10/turn               (no ring)

@: glowing
A: no striking features
a: Renounce Religion


You were on level 3 of the Dungeon.
You worshipped the Shining One.
The Shining One was noncommittal.
You visited 1 branch of the dungeon, and saw 4 of its levels.

You collected 124 gold pieces.

Inventory:

Hand Weapons
 a - a +3 dagger (weapon)
 k - a +0 long sword
Armour
 c - a +0 cloak (worn)
 f - a +0 scale mail
 g - a +0 ring mail (worn)
 l - a +0 pair of gloves (worn)
 n - a +0 helmet (worn)
Scrolls
 j - a scroll of enchant weapon
Potions
 b - a potion of haste {unknown}
 h - 2 potions of ambrosia
 i - a potion of lignification {unknown}
 m - a potion of mutation {unknown}


   Skills:
 + Level 5.5 Fighting
 - Level 2.0(2.1) Short Blades
 + Level 1.0(1.6) Long Blades
 - Level 2.0 Throwing
 - Level 1.0 Dodging
 - Level 4.0 Stealth


You had 4 spell levels left.
You knew the following spells:

 Your Spells              Type           Power      Damage    Failure   Level
a - Apportation           Tloc           0%         N/A       58%         1

Your spell library contained the following spells:

 Spells                   Type           Power      Damage    Failure   Level
 Animate Skeleton         Necr           0%         N/A       58%         1
 Summon Small Mammal      Summ           0%         N/A       58%         1
 Ignite Poison            Fire/Tmut/Pois 0%         N/A       91%         3
 Mephitic Cloud           Conj/Pois/Air  0%         N/A       91%         3
 Freezing Cloud           Conj/Ice/Air   0%         6-21      100%        5


Dungeon Overview and Level Annotations

Branches:
Dungeon (4/15)
 Temple: D:4-7

Altars:
Uskayaw
The Shining One

Shops:
D:1 ?   D:2 (   D:3 !

Annotations:
D:3 Edmund


Message History

The poisoned dart closely misses Edmund.
You hit Edmund.
Edmund is severely wounded.
Edmund hits you with a +2 flail of pain.
You writhe in agony.
You hit Edmund but do no damage.
Edmund is severely wounded.
You hit Edmund.
Edmund is severely wounded.
Edmund hits you with a +2 flail of pain.
You writhe in agony.
You hit Edmund but do no damage.
Edmund is almost dead.
Edmund is no longer moving slowly.
You hit Edmund but do no damage.
Edmund is almost dead.
Edmund hits you but does no damage.
You hit Edmund.
Edmund is almost dead.
Edmund says, "I might not be good at magic, but I can still kill you!"
Edmund hits you with a +2 flail of pain!
You hit Edmund.
Edmund is almost dead.
Edmund misses you.
You hit Edmund but do no damage.
Edmund is almost dead.
Edmund hits you with a +2 flail of pain!
* * * LOW HITPOINT WARNING * * *
You writhe in agony.
* * * LOW HITPOINT WARNING * * *
You closely miss Edmund.
Edmund is almost dead.
Edmund hits you with a +2 flail of pain.
* * * LOW HITPOINT WARNING * * *
You writhe in agony.
* * * LOW HITPOINT WARNING * * *
You hit Edmund.
Edmund is almost dead.
Edmund hits you with a +2 flail of pain!
You die...

#...# #.#
#.........# #####
##.# ##.#.......
##..# #.#.......
#..#####.#.......
#........####....
#........# #####
#.......## ##8#
##.......## ##...
##@.......>####8...
#.@#...>......##...
##(.......###.##...
###......# ####...
#......# ###⌠...
#......###.##...
######.....##...
##...###...
#.....#8...


You could see Edmund (very poisoned).

Vanquished Creatures
  Natasha (D:2)
  3 hound skeletons (D:4)
  4 gnolls (D:2)
  2 adders
  3 worms
  3 dart slugs
  4 orcs (D:3)
  2 bats (D:2)
  5 endoplasms
  A goblin (D:2)
  7 hobgoblins
  4 jackals (D:1)
  3 quokkas
  4 ball pythons
  4 frilled lizards
  2 kobolds
  A rat (D:1)
53 creatures vanquished.

Notes
Turn   | Place    | Note
-------+----------+-------------------------------------------
     0 | D:1      | Armakuni the Human Brigand began the quest for the Orb.
     0 | D:1      | Reached XP level 1. HP: 16/16 MP: 1/1
   216 | D:1      | Reached XP level 2. HP: 17/23 MP: 2/2
   415 | D:1      | Found Kocidghoe's Magic Scroll Boutique.
   441 | D:1      | Learned a level 1 spell: Apportation
   592 | D:1      | Reached skill level 3 in Fighting
   982 | D:1      | Found a faded altar of an unknown god.
  1142 | D:2      | Noticed Natasha
  1150 | D:2      | Noticed a crimson imp
  1151 | D:2      | Killed Natasha
  1152 | D:2      | Reached XP level 3. HP: 17/30 MP: 3/3
  1269 | D:2      | Found Deuhuh's Antique Weapon Emporium.
  1410 | D:2      | Reached skill level 4 in Fighting
  1410 | D:2      | Reached XP level 4. HP: 32/37 MP: 4/4
  2078 | D:2      | Reached XP level 5. HP: 31/43 MP: 5/5
  2382 | D:3      | Found Rofuh's Distillery.
  2411 | D:3      | Reached skill level 5 in Fighting
  2838 | D:3      | Found a glowing golden altar of the Shining One.
  2843 | D:3      | Became a worshipper of the Shining One
  3105 | D:3      | Found a hide-covered altar of Uskayaw.
  3379 | D:4      | Reached skill level 1 in Long Blades
  3379 | D:4      | Reached XP level 6. HP: 27/51 MP: 6/6
  3532 | D:4      | Noticed Edmund
  3564 | D:3      | Slain by Edmund

Illustrated notes

Levels and vault maps discovered:
D:1:      minmay_arrival_radiant_lines, layout_basic,
          shapermc_ecumenical_altar_flowoftime, serial_shops, shop
D:2:      layout_basic, serial_shops, shop_fountains, uniq_natasha
D:3:      layout_rooms, tso_metal_star, nicolae_uskayaw_suspiria, serial_shops,
          shop, serial_corexii_hall, corexii_hall_statues_i,
          corexii_hall_statues_l
D:4:      layout_cave_pools, minivault_5, uniq_sigmund, uniq_grinder,
          uniq_menkaure, uniq_edmund

Skill      XL: |  1  2  3  4  5 |
---------------+----------------+-----
Fighting       | 3 4 5 |  5.5
Long Blades    | 1 |  1.0
Short Blades   | |  2.0
Throwing       | |  2.0
Dodging        | |  1.0
Stealth        | |  4.0

Action                   |  1- 3 |  4- 6 || total
-------------------------+-------+-------++-------
Melee: Dagger            |    65 |   170 ||   235
       Punch             |       |     5 ||     5
Throw: Dart              |       |    24 ||    24
  Use: Scroll            |     2 |     5 ||     7
 Stab: Sleeping          |     6 |     1 ||     7
Armor: Robe              |    13 |       ||    13
       Ring mail         |       |    57 ||    57
Dodge: Dodged            |    30 |    79 ||   109

Table legend: (Time is in decaauts)
 A = Elapsed time spent in this place.
 B = Non-inter-level travel time spent in this place.
 C = Inter-level travel time spent in this place.
 D = Time resting spent in this place.
 E = Time spent auto-exploring this place.
 F = Levels seen in this place.
 G = Mean time per level.
                   A        B        C        D        E       F      G
               +--------+--------+--------+--------+--------+-----+--------+
         Total |   3553 |   3405 |    148 |    761 |   1988 |   4 |  888.2 |
       Dungeon |   3553 |   3405 |    148 |    761 |   1988 |   4 |  888.2 |
               +--------+--------+--------+--------+--------+-----+--------+

Top non-repeatable levels by time:
     D:2: 1326 daAuts
     D:1: 1055 daAuts
     D:3: 964 daAuts
     D:4: 207 daAuts
